 Dungeon Crawl Stone Soup version 0.20.1-1-g8b1a95d (webtiles) character file.

519 vineage the Firebug (level 7, 0/39 HPs)
             Began as a Gargoyle Fire Elementalist on Oct 21, 2017.
             Slain by a slave (6 damage)
             ... led by Pikel
             ... on level 3 of the Dungeon.
             The game lasted 00:09:51 (3502 turns).

vineage the Firebug (Gargoyle Fire Elementalist)    Turns: 3502, Time: 00:09:52

Health: 0/39       AC:  6    Str: 12    XL:     7   Next: 21%
Magic:  0/12       EV: 11    Int: 17    God:
Gold:   108        SH:  5    Dex: 10    Spells: 0/13 levels left

rFire    . . .     SeeInvis .   n - +0 whip (elec)
rCold    . . .     Gourm    .   l - +2 buckler
rNeg     + . .     Faith    .   a - +0 robe
rPois    ∞         Spirit   .   (no helmet)
rElec    +         Reflect  .   (no cloak)
rCorr    .         Harm     .   (no gloves)
MR       +....                  (no boots)
Stlth    ++........             (no amulet)
Regen    0.2/turn               e - ring of protection from magic
MPRegen  0.2/turn               (no ring)

@: no status effects
A: negative energy resistance 1, electricity resistance, unbreathing,
petrification resistance, rot immunity, AC +4
a: no special abilities


You were on level 3 of the Dungeon.
You were hungry.

You visited 1 branch of the dungeon, and saw 4 of its levels.

You collected 108 gold pieces.

Inventory:

Hand Weapons
 n - a +0 whip of electrocution (weapon)
Armour
 a - a +0 robe (worn)
 l - a +2 buckler (worn)
Jewellery
 e - a ring of protection from magic (left hand)
Scrolls
 h - a scroll of blinking
 q - a scroll of recharging
Potions
 f - a potion of might {unknown}
 j - a potion of haste {unknown}
 m - a potion of heal wounds {unknown}
Books
 b - a book of Flames

   Spells                             Type                      Level
   a - Flame Tongue                   Conjuration/Fire             1
   b - Throw Flame                    Conjuration/Fire             2
   c - Conjure Flame                  Conjuration/Fire             3
   d - Inner Flame                    Hexes/Fire                   3
   e - Sticky Flame                   Conjuration/Fire             4
   f - Fireball                       Conjuration/Fire             5
Comestibles
 c - 3 bread rations
 d - 2 royal jellies
 i - 5 fruits


   Skills:
 + Level 1.8 Fighting
 + Level 2.0 Maces & Flails
 - Level 1.5 Dodging
 - Level 2.1 Stealth
 + Level 1.8 Shields
 + Level 3.9 Spellcasting
 + Level 3.6 Conjurations
 + Level 4.9 Fire Magic


You couldn't memorise any spells.
You knew the following spells:

 Your Spells              Type           Power        Failure   Level  Hunger
a - Flame Tongue          Conj/Fire      ###..        3%          1    None
b - Conjure Flame         Conj/Fire      ###.....     11%         3    ###....
c - Sticky Flame          Conj/Fire      ###.....     34%         4    ####...
d - Fireball              Conj/Fire      ###.......   69%         5    ######.


Dungeon Overview and Level Annotations

Branches:
Dungeon (4/15)
 Temple: D:4-7

Altars:
Cheibriados

Annotations:
D:4 Pikel


Innate Abilities, Weirdness & Mutations

You are resistant to torment.
Your stone body is resilient. (AC +4)
You are immune to poison.
You resist negative energy. (rN+)
You are resistant to electric shocks. (rElec)
You can survive without breathing.
You are immune to petrification.
You are immune to rotting.


Message History

The slave is lightly wounded.
The slave hits you.
* * * LOW HITPOINT WARNING * * *
You hit the slave but do no damage.
The slave is lightly wounded.
You block the slave's attack.
You closely miss the slave.
The slave is lightly wounded.
The slave hits you but does no damage.
You completely miss the slave.
The slave is lightly wounded.
The slave hits you.
* * * LOW HITPOINT WARNING * * *
You closely miss the slave.
The slave is lightly wounded.
The slave hits you but does no damage.
You hit the slave but do no damage.
The slave is lightly wounded.
The slave hits you.
You die...

#...##.#...#############..#
##.###...^.# #..# ### #.#
###..####### #..# ..##
#.#####........# #..# ...##
#........#####.# #..#
###.##########.# #.# #..# #
#..<...# #.# #.# #..#
###.####.#####.#####.# #..#
...## #........p@....# #..#
#.#####..####.######## #>.#
.....##..# #.# #.>#
#.##.##.p# #.# #..#
#)##.##..# #.#
##########..# ..##.#...#
#.######...........#
#..)...#.#
#...........######.#
...).....#
########.#.........#
#.##.###.## #.##.########


You could see a slave.

Vanquished Creatures
  Grinder (D:3)
  Sigmund (D:3)
  2 slaves (D:3)
  An orc wizard (D:3)
  A worker ant (D:3)
  3 adders
  2 oozes
  4 worms
  2 dart slugs
  2 leopard geckos
  4 orcs (D:3)
  A ball python (D:2)
  3 giant cockroaches (D:1)
  7 goblins
  7 hobgoblins
  7 jackals
  7 kobolds
  2 quokkas (D:2)
  7 bats
  3 frilled lizards
  7 rats
74 creatures vanquished.

Notes
Turn   | Place    | Note
-------+----------+-------------------------------------------
     0 | D:1      | vineage the Gargoyle Fire Elementalist began the quest for the Orb.
     0 | D:1      | Reached XP level 1. HP: 10/10 MP: 3/3
   330 | D:1      | Reached XP level 2. HP: 15/15 MP: 0/5
  1204 | D:2      | Reached XP level 3. HP: 19/19 MP: 3/6
  1268 | D:2      | Reached skill level 4 in Fire Magic
  1593 | D:2      | Reached XP level 4. HP: 24/24 MP: 0/7
  2187 | D:2      | Found a snail-covered altar of Cheibriados.
  2445 | D:3      | Noticed Grinder
  2473 | D:3      | Killed Grinder
  2473 | D:3      | Reached skill level 1 in Fighting
  2473 | D:3      | Reached skill level 1 in Maces & Flails
  2473 | D:3      | Reached skill level 1 in Shields
  2473 | D:3      | Reached XP level 5. HP: 18/29 MP: 1/10
  2473 | D:3      | Reached XP level 6. HP: 22/34 MP: 1/11
  2922 | D:3      | Noticed Sigmund
  2951 | D:3      | Killed Sigmund
  2951 | D:3      | Reached XP level 7. HP: 26/39 MP: 5/12
  3427 | D:3      | Learned a level 3 spell: Conjure Flame
  3432 | D:3      | Learned a level 4 spell: Sticky Flame
  3438 | D:3      | Learned a level 5 spell: Fireball
  3443 | D:4      | Noticed Pikel
  3502 | D:3      | Slain by a slave

Skill      XL: |  1  2  3  4  5  6 |
---------------+-------------------+-----
Fire Magic     | 4 |  4.9
Conjurations   | 2 3 |  3.6
Fighting       | 1 |  1.8
Maces & Flails | 1 2 |  2.0
Shields        | 1 |  1.8
Spellcasting   | 3 |  3.9
Dodging        | |  1.5
Stealth        | |  2.1

Action                   |  1- 3 |  4- 6 |  7- 9 || total
-------------------------+-------+-------+-------++-------
Melee: Unarmed           |    67 |    30 |       ||    97
       Whip              |       |   105 |    34 ||   139
 Cast: Flame Tongue      |    60 |    34 |    27 ||   121
       Conjure Flame     |       |       |     1 ||     1
  Use: Scroll            |     2 |     2 |     6 ||    10
       Potion            |       |       |     1 ||     1
 Stab: Sleeping          |     1 |       |       ||     1
  Eat: Chunk             |     2 |     5 |     2 ||     9
Armor: Robe              |    33 |    52 |    19 ||   104
Dodge: Dodged            |    70 |    69 |    25 ||   164
Block: Buckler           |     1 |    26 |    18 ||    45
